 Dungeon Crawl Stone Soup version 0.28-a0-655-g4eb62b627b (webtiles) character file.

Game seed: 15102446997548628424

235 bande the Covered (level 6, -6/38 HPs)
             Began as a Gargoyle Fighter on Oct 13, 2021.
             Mangled by an iguana (11 damage)
             ... on level 4 of the Dungeon.
             The game lasted 00:06:44 (3618 turns).

bande the Covered (Gargoyle Fighter)                Turns: 3618, Time: 00:06:44

Health: -6/38      AC: 15    Str: 21    XL:     6   Next: 6%
Magic:  6/6        EV:  7    Int:  8    God:
Gold:   260        SH:  4    Dex: 10    Spells: 5/5 levels left

rFire   . . .      SeeInvis .   a - +0 war axe
rCold   . . .      Faith    .   c - +0 buckler
rNeg    + . .      Spirit   .   f - +0 chain mail
rPois   ∞          Reflect  .   b - +0 helmet
rElec   +          Harm     .   (no cloak)
rCorr   .          Rampage  .   (no gloves)
Will    .....                   (no boots)
Stlth   ..........              (no amulet)
HPRegen 0.12/turn               (no ring)
MPRegen 0.10/turn               (no ring)

@: no status effects
A: sickness immunity, AC +4, negative energy resistance 1, electricity
resistance, torment resistance 1, petrification resistance
a: no special abilities


You were on level 4 of the Dungeon.
You visited 1 branch of the dungeon, and saw 4 of its levels.

You collected 260 gold pieces.

Inventory:

Hand Weapons
 a - a +0 war axe (weapon)
Armour
 b - a +0 helmet (worn)
 c - a +0 buckler (worn)
 f - a +0 chain mail (worn)
Wands
 h - a wand of digging (5)
Scrolls
 e - a scroll of fog
Potions
 d - a potion of might
 g - a potion of attraction {unknown}
 i - a potion of degeneration {unknown}
 j - a potion of resistance {unknown}
 k - a potion of heal wounds {unknown}


   Skills:
 + Level 4.3 Fighting
 + Level 3.6 Axes
 + Level 4.8 Armour
 + Level 3.9 Shields
 + Level 0.1 Evocations


You had 5 spell levels left.
You didn't know any spells.
Your spell library contained the following spells:

 Spells                   Type           Power      Damage    Failure   Level
 Animate Skeleton         Necr           0%         N/A       98%         1
 Pain                     Necr           0%         1d4       98%         1
 Summon Small Mammal      Summ           0%         N/A       98%         1
 Call Canine Familiar     Summ           0%         N/A       100%        3
 Summon Guardian Golem    Hex/Summ       0%         N/A       100%        3
 Vampiric Draining        Necr           0%         2d6       100%        3


Dungeon Overview and Level Annotations

Branches:
Dungeon (4/15)
 Temple: D:4-7

Altars:
Makhleb


Innate Abilities, Weirdness & Mutations

You are immune to sickness and miasma.
Your stone body is resilient. (AC +4)
You are immune to poison.
You resist negative energy. (rN+)
You are resistant to electric shocks. (rElec)
You are resistant to unholy torment.
You are immune to petrification.


Message History

The hound is heavily wounded.
You block the hound's attack. The hound bites you but does no damage.
You miss the hound.
The hound is heavily wounded.
You block the hound's attack. The hound bites you but does no damage.
An iguana comes into view.
Unknown command.
The iguana hisses angrily.
You slash the hound!
You kill the hound!
A ball python comes into view.
You have reached level 6!
Your experience leads to an increase in your attributes!
Increase (S)trength, (I)ntelligence, or (D)exterity?
You feel agile.
You see here an adder corpse.
You block the ball python's attack. The ball python grabs you.
The ball python constricts you.
You escape the ball python's grasp.
You barely miss the ball python. The ball python misses you.
You block the ball python's attack.
You slash the ball python!
You kill the ball python!
You see here a ball python corpse.
You start resting.
An iguana is nearby!
An iguana is nearby!
An iguana is nearby!
You are too injured to fight recklessly!
You are too injured to fight recklessly!
You are too injured to fight recklessly!
You barely miss the iguana. The iguana bites you.
* * * LOW HITPOINT WARNING * * *
You slash the iguana!
The iguana is heavily wounded.
The iguana bites you but does no damage.
You hit the iguana.
The iguana is almost dead.
The iguana bites you!
You die...

########
#......#
######.####.#
#.........#@#
#.####.##.#l#
######.#
#......#
#....S.#
####.###
..#..###
##...## #...#
#.....# #...#
#.....#
##l.##
#.....#
††#....#
####...##


You could see an iguana.

Vanquished Creatures
  A hound (D:4)
  3 iguanas
  3 adders
  A worm (D:2)
  5 dart slugs
  5 endoplasms
  5 giant cockroaches
  15 goblins
  10 hobgoblins
  4 quokkas
  9 ball pythons
  5 bats
  3 frilled lizards (D:1)
  9 kobolds
  7 rats
  A toadstool (D:2)
86 creatures vanquished.

Vanquished Creatures (others)
  2 fungi (D:2)
  4 toadstools (D:2)
6 creatures vanquished.

Grand Total: 92 creatures vanquished

Notes
Turn   | Place    | Note
-------+----------+-------------------------------------------
     0 | D:1      | bande the Gargoyle Fighter began the quest for the Orb.
     0 | D:1      | Reached XP level 1. HP: 14/14 MP: 1/1
    98 | D:1      | Reached XP level 2. HP: 19/19 MP: 2/2
   504 | D:1      | Reached XP level 3. HP: 23/23 MP: 3/3
  1628 | D:2      | Reached XP level 4. HP: 26/29 MP: 4/4
  1798 | D:2      | Found a burning altar of Makhleb.
  2485 | D:3      | Reached XP level 5. HP: 17/33 MP: 5/5
  3592 | D:4      | Reached XP level 6. HP: 5/38 MP: 6/6
  3618 | D:4      | Mangled by an iguana

Illustrated notes

Levels and vault maps discovered:
D:1:      heliophobic_arrival_dark_side_of_the_moon, layout_basic,
          minmay_surrounded
D:2:      layout_basic, basic_altar, minmay_gold_behind_fungi,
          minmay_misc_feat_four_crosses, minmay_misc_feat_tower, nrook_campfire,
          corexii_leaking_fountain
D:3:      cheibrodos_greedy_goblins, layout_loops_ring, columned_hall_lemuel
D:4:      layout_loops_cross, minmay_fractal_squares_diagonal_5

Skill      XL: |  1  2  3  4 |
---------------+-------------+-----
Axes           | 2 3 |  3.6
Fighting       | 4 |  4.3
Armour         | 4 |  4.8
Shields        | |  3.9
Evocations     | |  0.1

Action                   |  1- 3 |  4- 6 || total
-------------------------+-------+-------++-------
Melee: War axe           |   142 |   104 ||   246
Evoke: Wand              |       |     1 ||     1
  Use: Scroll            |     3 |       ||     3
       Potion            |       |     1 ||     1
Armor: Scale mail        |    51 |       ||    51
       Chain mail        |    47 |    55 ||   102
Dodge: Dodged            |    65 |    36 ||   101
Block: Buckler           |    38 |    31 ||    69

Table legend: (Time is in decaauts)
 A = Elapsed time spent in this place.
 B = Non-inter-level travel time spent in this place.
 C = Inter-level travel time spent in this place.
 D = Time resting spent in this place.
 E = Time spent auto-exploring this place.
 F = Levels seen in this place.
 G = Mean time per level.
                   A        B        C        D        E       F      G
               +--------+--------+--------+--------+--------+-----+--------+
         Total |   3713 |   3562 |    151 |    446 |   2257 |   4 |  928.2 |
       Dungeon |   3713 |   3562 |    151 |    446 |   2257 |   4 |  928.2 |
               +--------+--------+--------+--------+--------+-----+--------+

Top non-repeatable levels by time:
     D:1: 1470 daAuts
     D:3: 1131 daAuts
     D:2: 905 daAuts
     D:4: 207 daAuts
